 Dungeon Sprint DCSS version 0.30-a0-1043-g60ff8d5f49 (webtiles) character file.

Game seed: 10541432567276532499

9200000 Danienth the Conqueror (level 27, -19/199 HPs)
             Began as a Gargoyle Monk on Apr 10, 2023.
             Was the Champion of Makhleb.
             Killed from afar by an observer (63 damage)
             ... with a fireball
             ... in the Dungeon (Sprint VIII: "Arena of Blood").
             The game lasted 00:08:59 (92 turns).

Danienth the Conqueror (Gargoyle Monk)                Turns: 92, Time: 00:09:00

Health: -19/199    AC: 25    Str: 16    XL:     27
Magic:  30/54      EV: 35    Int: 14    God:    Makhleb [******]
Gold:   0          SH:  0    Dex: 22    Spells: 80/80 levels left

rFire   . . .      SeeInvis .    j - +∞ Axe of Woe
rCold   . . .      Faith    .    (shield currently unavailable)
rNeg    + . .      Spirit   .    b - +0 robe
rPois   ∞          Reflect  .    (no helmet)
rElec   +          Rampage  .    (no cloak)
rCorr   .          NoTele   +    (no gloves)
Will    ++...                    (no boots)
Stlth   ++++++++++               (no amulet)
HPRegen 0.53/turn                k - +200 ring of slaying
MPRegen 0.34/turn                l - +200 ring of slaying

@: flying, hasted, very quick
A: sickness immunity, AC +20, big wings, negative energy resistance 1,
electricity resistance, torment resistance 1, petrification resistance
a: Renounce Religion, Minor Destruction, Lesser Servant of Makhleb, Major
Destruction, Greater Servant of Makhleb


You were in the Dungeon.
You worshipped Makhleb.
Makhleb was exalted by your worship.
You visited 1 branch

Inventory:

Hand Weapons
 a - a +0 hand axe
 j - the +∞ Axe of Woe (weapon)
   (You found it in the Dungeon)
Armour
 b - a +0 robe (worn)
Jewellery
 f - a ring of see invisible
 k - a +200 ring of slaying (left hand)
 l - a +200 ring of slaying (right hand)
Scrolls
 i - a scroll of blinking
Potions
 c - a potion of ambrosia
 d - a potion of curing
 e - a potion of heal wounds
 g - 2 potions of magic
 h - a potion of berserk rage


   Skills:
 O Level 27 Fighting
 O Level 27 Short Blades
 O Level 27 Long Blades
 O Level 27 Axes
 O Level 27 Maces & Flails
 O Level 27 Polearms
 O Level 27 Staves
 O Level 27 Ranged Weapons
 O Level 27 Throwing
 O Level 27 Armour
 O Level 27 Dodging
 O Level 27 Stealth
 O Level 27 Shields
 O Level 27 Unarmed Combat
 O Level 27 Spellcasting
 O Level 27 Conjurations
 O Level 27 Hexes
 O Level 27 Summonings
 O Level 27 Necromancy
 O Level 27 Translocations
 O Level 27 Transmutations
 O Level 27 Fire Magic
 O Level 27 Ice Magic
 O Level 27 Air Magic
 O Level 27 Earth Magic
 O Level 27 Poison Magic
 O Level 27 Invocations
 O Level 27 Evocations


You had 80 spell levels left.
You didn't know any spells.
Your spell library was empty.

Dungeon Overview and Level Annotations

Branches:
Dungeon (1/1)

Altars:
Makhleb


Innate Abilities, Weirdness & Mutations

You are immune to sickness and miasma.
Your stone body is resilient. (AC +20)
You are immune to poison.
Your large and strong wings let you fly.
You resist negative energy. (rN+)
You are resistant to electric shocks. (rElec)
You are resistant to unholy torment.
You are immune to petrification.


Message History

The sphere of damnation explodes!
The damnation engulfs you!!
You hear a bellow!
You hear a shout! x2
You have mastered Short Blades!
You have mastered Long Blades!
You have mastered Polearms!
You have mastered Throwing!
You have mastered Spellcasting!
You have mastered Summonings!
You have mastered Necromancy!
You have mastered Translocations!
You have mastered Transmutations!
You have mastered Air Magic!
You cannot train any new skills!
f - a ring of see invisible You feel something staring at you.
Something smites you!
* * * LOW HITPOINT WARNING * * *
You hear a shout! x2
An accursed comes into view.
You hear a shout! x2
The eight-headed meat hydra bites your green death.
The eight-headed meat hydra bites your green death! x3
The eight-headed meat hydra bites your green death.
The eight-headed meat hydra bites your green death!
The eight-headed meat hydra bites your green death. x2
You hear a shout!
An eight-headed meat hydra comes into view.
You hear a shout!
You feel something staring at you. Something smites you!
* * * LOW HITPOINT WARNING * * *
You hear a shout! x2
Your green death gestures at the eight-headed meat hydra.
The bolt of poison hits the eight-headed meat hydra!
You hear a shout! x2
The eight-headed meat hydra bites your green death.
The eight-headed meat hydra bites your green death!
Your green death dies!
Your green death disappears in a puff of smoke!
The eight-headed meat hydra roars!
You hear a shout! x3
The meat berserker shouts!
You feel something staring at you.
A fireball appears from out of thin air!
The fireball explodes!
Deactivating autopickup; reactivate with Ctrl-A.
The fireball engulfs you!!!
You die...

##### #### ###....
.....{ ....... ..
..
.......##.##.####
...D§§..........
####....@##.##.D.
....§§...........
#.....)..).#.#....
#M........).......
.#O.....))).......
.D#.....)))...{...
..W.....°.°.......
........))).2.....
......#.)°°)..#..


You could see an accursed, a meat beast (fast), 2 eight-headed meat hydras, a
dread and a meat berserker (berserk).

Vanquished Creatures
  5 hell beasts (D)
  4 royal mummies (D)
  12 vampire knights (D)
  32 ogres (D)
  3 two-headed ogres (D)
  5 liches (D)
  A hydra (D)
  A phantom (D)
  57 orcs (D)
  4 skeletal warriors (D)
124 creatures vanquished.

Notes
Turn   | Place    | Note
-------+----------+-------------------------------------------
     0 | D        | Found the +∞ Axe of Woe
     0 | D        | Danienth the Gargoyle Monk began the quest for the Orb.
     0 | D        | Reached XP level 1. HP: 14/14 MP: 1/1
     1 | D        | Noticed a meat berserker
     1 | D        | Noticed a bag of meat
     2 | D        | Noticed a bag of meat
     2 | D        | Noticed a bag of meat
     2 | D        | Noticed a bag of meat
     3 | D        | Noticed a bag of meat
     3 | D        | Noticed a bag of meat
     4 | D        | Noticed a meat berserker
     5 | D        | Became a worshipper of Makhleb the Destroyer
     5 | D        | Reached * piety under Makhleb
     5 | D        | Reached ** piety under Makhleb
     6 | D        | Noticed a meat berserker
     7 | D        | Killed a meat berserker
     7 | D        | Noticed a meat berserker
     7 | D        | Noticed a bag of meat
     8 | D        | Reached XP level 2. HP: 39/39 MP: 2/2
     8 | D        | Reached XP level 3. HP: 44/44 MP: 3/3
     8 | D        | Reached XP level 4. HP: 50/50 MP: 4/4
     8 | D        | Reached XP level 5. HP: 55/55 MP: 5/5
     8 | D        | Reached XP level 6. HP: 61/61 MP: 6/6
     8 | D        | Reached XP level 7. HP: 66/66 MP: 7/7
     8 | D        | Reached XP level 8. HP: 72/72 MP: 8/8
     8 | D        | Reached XP level 9. HP: 77/77 MP: 9/9
     8 | D        | Reached XP level 10. HP: 83/83 MP: 10/10
     8 | D        | Reached XP level 11. HP: 88/88 MP: 11/11
     8 | D        | Reached XP level 12. HP: 94/94 MP: 12/12
     8 | D        | Killed a bag of meat
     9 | D        | Reached skill level 15 in Dodging
     9 | D        | Killed a meat berserker
    10 | D        | Reached XP level 13. HP: 106/106 MP: 13/13
    10 | D        | Noticed a meat berserker
    10 | D        | Noticed a meat berserker
    12 | D        | Killed a meat berserker
    12 | D        | Reached *** piety under Makhleb
    12 | D        | Noticed a bag of meat
    13 | D        | Reached skill level 10 in Stealth
    13 | D        | Gained mutation: Your large and strong wings let you fly.
                  | [Gargoyle growth]
    13 | D        | Reached XP level 14. HP: 116/116 MP: 14/14
    13 | D        | Killed a bag of meat
    14 | D        | Killed a meat berserker
    15 | D        | Reached XP level 15. HP: 126/126 MP: 15/15
    15 | D        | Killed a meat berserker
    15 | D        | Reached **** piety under Makhleb
    16 | D        | Reached skill level 27 in Fighting
    16 | D        | Killed a meat berserker
    17 | D        | Reached skill level 27 in Axes
    17 | D        | Reached XP level 16. HP: 133/133 MP: 16/16
    18 | D        | Reached ***** piety under Makhleb
    18 | D        | Noticed a meat berserker
    19 | D        | Reached skill level 15 in Stealth
    19 | D        | Noticed a meat berserker
    21 | D        | Noticed a meat berserker
    22 | D        | Reached XP level 17. HP: 139/139 MP: 17/17
    22 | D        | Noticed a destroyer
    22 | D        | Noticed a destroyer
    22 | D        | Noticed a large bag of meat
    23 | D        | Killed a meat berserker
    23 | D        | Noticed a destroyer
    24 | D        | Reached skill level 27 in Dodging
    24 | D        | Noticed a destroyer
    24 | D        | Noticed a meat berserker
    24 | D        | Noticed a large bag of meat
    25 | D        | Killed a meat berserker
    26 | D        | Reached skill level 27 in Stealth
    27 | D        | Killed a meat berserker
    27 | D        | Reached ****** piety under Makhleb
    27 | D        | Killed a destroyer
    28 | D        | Reached skill level 5 in Short Blades
    28 | D        | Reached skill level 5 in Long Blades
    28 | D        | Reached skill level 5 in Polearms
    28 | D        | Reached skill level 5 in Throwing
    28 | D        | Reached skill level 5 in Spellcasting
    28 | D        | Reached skill level 5 in Summonings
    28 | D        | Reached skill level 5 in Necromancy
    28 | D        | Reached skill level 5 in Translocations
    28 | D        | Reached skill level 5 in Transmutations
    28 | D        | Reached skill level 5 in Air Magic
    28 | D        | Reached XP level 18. HP: 145/145 MP: 17/26
    28 | D        | Killed a destroyer
    29 | D        | Reached XP level 19. HP: 151/151 MP: 17/30
    29 | D        | Noticed a destroyer
    30 | D        | Reached skill level 10 in Earth Magic
    30 | D        | Reached skill level 10 in Invocations
    30 | D        | Noticed a destroyer
    30 | D        | Killed a destroyer
    30 | D        | Killed a meat berserker
    30 | D        | Noticed an eight-headed meat hydra
    31 | D        | Reached skill level 10 in Armour
    31 | D        | Reached skill level 10 in Shields
    31 | D        | Reached skill level 10 in Conjurations
    31 | D        | Reached skill level 10 in Hexes
    31 | D        | Reached skill level 10 in Evocations
    31 | D        | Reached XP level 20. HP: 157/157 MP: 17/33
    32 | D        | Killed a destroyer
    32 | D        | Killed a large bag of meat
    33 | D        | Reached skill level 10 in Short Blades
    33 | D        | Reached skill level 10 in Long Blades
    33 | D        | Reached skill level 10 in Polearms
    33 | D        | Reached skill level 10 in Throwing
    33 | D        | Reached skill level 10 in Spellcasting
    33 | D        | Reached skill level 10 in Summonings
    33 | D        | Reached skill level 10 in Translocations
    34 | D        | Killed a large bag of meat
    34 | D        | Noticed a meat berserker
    35 | D        | Reached XP level 21. HP: 97/163 MP: 18/35
    36 | D        | Reached skill level 10 in Necromancy
    36 | D        | Reached skill level 10 in Transmutations
    36 | D        | Reached skill level 10 in Air Magic
    38 | D        | Killed a destroyer
    38 | D        | Noticed a meat berserker
    38 | D        | Noticed a meat berserker
    39 | D        | Reached skill level 15 in Earth Magic
    39 | D        | Reached skill level 15 in Invocations
    39 | D        | Noticed a destroyer
    39 | D        | Noticed a destroyer
    40 | D        | Killed a meat berserker
    40 | D        | Killed a destroyer
    40 | D        | Noticed a meat berserker
    41 | D        | Reached skill level 15 in Poison Magic
    41 | D        | Reached XP level 22. HP: 132/169 MP: 19/38
    41 | D        | Killed a destroyer
    41 | D        | Noticed a destroyer
    42 | D        | Reached skill level 15 in Armour
    42 | D        | Reached skill level 15 in Shields
    42 | D        | Reached skill level 15 in Conjurations
    45 | D        | Noticed a destroyer
    46 | D        | Reached skill level 15 in Maces & Flails
    46 | D        | Reached skill level 15 in Staves
    46 | D        | Reached skill level 15 in Ranged Weapons
    46 | D        | Reached skill level 15 in Unarmed Combat
    46 | D        | Reached skill level 15 in Hexes
    46 | D        | Reached skill level 15 in Fire Magic
    46 | D        | Reached skill level 15 in Ice Magic
    46 | D        | Reached skill level 15 in Evocations
    46 | D        | Reached XP level 23. HP: 175/175 MP: 20/41
    47 | D        | Killed a destroyer
    47 | D        | Noticed a tyrant
    48 | D        | Killed a tyrant
    49 | D        | Reached skill level 15 in Short Blades
    49 | D        | Reached skill level 15 in Long Blades
    49 | D        | Reached skill level 15 in Polearms
    49 | D        | Reached skill level 15 in Throwing
    49 | D        | Reached skill level 15 in Spellcasting
    49 | D        | Reached skill level 15 in Summonings
    49 | D        | Reached skill level 15 in Translocations
    51 | D        | Killed a destroyer
    52 | D        | Reached XP level 24. HP: 181/181 MP: 21/43
    53 | D        | Noticed a large bag of meat
    54 | D        | Killed a destroyer
    55 | D        | Reached skill level 15 in Necromancy
    55 | D        | Reached skill level 15 in Transmutations
    55 | D        | Reached skill level 15 in Air Magic
    57 | D        | Reached XP level 25. HP: 187/187 MP: 22/44
    58 | D        | Noticed a tyrant
    60 | D        | Noticed an accursed
    62 | D        | Noticed a destroyer
    63 | D        | Noticed a meat beast
    64 | D        | Noticed a tyrant
    65 | D        | Noticed a meat beast
    65 | D        | Noticed an accursed
    66 | D        | Reached XP level 26. HP: 193/193 MP: 24/45
    66 | D        | Killed a destroyer
    67 | D        | Noticed a meat beast
    67 | D        | Noticed an accursed
    68 | D        | Killed a meat beast
    68 | D        | Killed a large bag of meat
    68 | D        | Noticed a tyrant
    68 | D        | Noticed a tyrant
    68 | D        | Noticed an accursed
    69 | D        | Reached XP level 27. HP: 138/199 MP: 25/47
    69 | D        | Killed a meat beast
    69 | D        | Killed a tyrant
    69 | D        | Noticed a destroyer
    70 | D        | Reached skill level 27 in Invocations
    70 | D        | Killed a meat beast
    71 | D        | Reached skill level 27 in Earth Magic
    73 | D        | Killed a tyrant
    75 | D        | Killed a destroyer
    75 | D        | Noticed a meat beast
    76 | D        | Reached skill level 27 in Conjurations
    76 | D        | Reached skill level 27 in Poison Magic
    77 | D        | Killed a tyrant
    78 | D        | Killed an accursed
    78 | D        | Killed a tyrant
    79 | D        | Reached skill level 27 in Armour
    79 | D        | Reached skill level 27 in Shields
    79 | D        | Killed an accursed
    80 | D        | Killed a meat beast
    81 | D        | Reached skill level 27 in Fire Magic
    81 | D        | Reached skill level 27 in Ice Magic
    81 | D        | Reached skill level 27 in Evocations
    83 | D        | Killed an accursed
    84 | D        | Reached skill level 27 in Maces & Flails
    84 | D        | Reached skill level 27 in Staves
    84 | D        | Reached skill level 27 in Ranged Weapons
    84 | D        | Reached skill level 27 in Unarmed Combat
    84 | D        | Reached skill level 27 in Hexes
    84 | D        | Noticed a meat beast
    85 | D        | Killed an accursed
    86 | D        | Noticed a dread
    86 | D        | Noticed a meat beast
    89 | D        | Killed a meat beast
    90 | D        | Reached skill level 27 in Short Blades
    90 | D        | Reached skill level 27 in Long Blades
    90 | D        | Reached skill level 27 in Polearms
    90 | D        | Reached skill level 27 in Throwing
    90 | D        | Reached skill level 27 in Spellcasting
    90 | D        | Reached skill level 27 in Summonings
    90 | D        | Reached skill level 27 in Necromancy
    90 | D        | Reached skill level 27 in Translocations
    90 | D        | Reached skill level 27 in Transmutations
    90 | D        | Reached skill level 27 in Air Magic
    90 | D        | Noticed an accursed
    92 | D        | Killed from afar by an observer

Illustrated notes

Levels and vault maps discovered:
D:        meatsprint

Skill      XL: |  1  2  3  4  5  6  7  8  9 10 11 12 13 14 15 16 17 18 19 20 21 22 23 24 25 26 27 |
---------------+----------------------------------------------------------------------------------+-----
Fighting       | 18 22 24 26 27 | 27.0
Axes           | 16 19 21 23 27 | 27.0
Dodging        | 14 16 18 19 22 26 27 | 27.0
Stealth        | 7 9 10 11 13 17 27 | 27.0
Short Blades   | 5 7 9 10 12 14 16 17 18 20 27 | 27.0
Long Blades    | 5 7 9 10 12 14 16 17 18 20 27 | 27.0
Maces & Flails | 6 8 9 11 13 15 17 18 19 21 27 | 27.0
Polearms       | 5 7 9 10 12 14 15 17 18 20 27 | 27.0
Staves         | 6 8 9 11 13 15 17 18 19 21 27 | 27.0
Ranged Weapons | 6 8 9 11 13 15 17 18 19 21 27 | 27.0
Throwing       | 5 7 9 10 12 14 16 17 18 20 27 | 27.0
Armour         | 6 8 10 12 14 16 18 20 21 23 27 | 27.0
Shields        | 6 8 10 12 14 16 18 20 21 23 27 | 27.0
Unarmed Combat | 6 8 9 11 13 15 17 18 19 21 27 | 27.0
Spellcasting   | 5 7 9 10 12 14 16 17 18 20 27 | 27.0
Conjurations   | 6 8 10 12 14 16 18 20 21 23 27 | 27.0
Hexes          | 6 8 10 12 14 15 17 19 20 22 27 | 27.0
Summonings     | 5 7 9 10 12 14 16 17 18 20 27 | 27.0
Necromancy     | 5 6 8 9 11 12 14 15 16 18 27 | 27.0
Translocations | 5 7 9 10 12 14 16 17 18 20 27 | 27.0
Transmutations | 5 6 8 9 11 12 14 15 17 18 27 | 27.0
Fire Magic     | 6 8 9 11 13 15 17 18 19 21 27 | 27.0
Ice Magic      | 6 8 9 11 13 15 17 18 19 21 27 | 27.0
Air Magic      | 5 6 8 9 11 12 14 15 16 18 27 | 27.0
Earth Magic    | 7 9 11 13 16 17 20 21 23 25 27 | 27.0
Poison Magic   | 6 9 11 13 15 16 19 20 21 23 27 | 27.0
Invocations    | 7 9 12 14 16 18 20 22 23 25 27 | 27.0
Evocations     | 6 8 10 12 14 15 17 19 20 22 27 | 27.0

Action                     |  1- 3 |  4- 6 |  7- 9 | 10-12 | 13-15 | 16-18 | 19-21 | 22-24 | 25-27 || total
---------------------------+-------+-------+-------+-------+-------+-------+-------+-------+-------++-------
  Melee: Executioner's axe |     1 |       |       |     2 |     5 |     7 |     8 |    11 |    20 ||    54
 Invoke: Major Destruction |       |       |       |       |       |       |       |       |     1 ||     1
         Greater Servant o |       |       |       |       |       |       |       |       |     1 ||     1
    Use: Potion            |       |       |       |       |       |       |       |       |     1 ||     1
 Armour: Robe              |       |       |       |       |       |       |     1 |       |     3 ||     4
  Dodge: Dodged            |       |       |       |     1 |       |       |     2 |       |     1 ||     4

Table legend: (Time is in decaauts)
 A = Elapsed time spent in this place.
 B = Non-inter-level travel time spent in this place.
 C = Inter-level travel time spent in this place.
 D = Time resting spent in this place.
 E = Time spent auto-exploring this place.
 F = Levels seen in this place.
 G = Mean time per level.
                   A        B        C        D        E       F      G
               +--------+--------+--------+--------+--------+-----+--------+
         Total |     71 |     71 |      0 |      0 |      0 |   1 |   71.0 |
       Dungeon |     71 |     71 |      0 |      0 |      0 |   1 |   71.0 |
               +--------+--------+--------+--------+--------+-----+--------+

Top non-repeatable levels by time:
       D: 71 daAuts
